 Dungeon Crawl Stone Soup version 0.31-a0-237-g2d982f9f85 (webtiles) character file.

Game seed: 9031558686652850275

82616 qw the Marksgargoyle (level 15, -1/100 HPs)
             Began as a Gargoyle Hexslinger on July 11, 2023.
             Was a High Priest of Okawaru.
             Slain by a centaur warrior (11 damage)
             ... on level 13 of the Dungeon.
             The game lasted 00:10:41 (16702 turns).

qw the Marksgargoyle (Gargoyle Hexslinger)         Turns: 16702, Time: 00:10:42

Health: -1/100     AC: 30    Str: 14    XL:     15   Next: 74%
Magic:  22/22      EV: 19    Int: 13    God:    Okawaru [*****.]
Gold:   1018       SH:  0    Dex: 18    Spells: 15/16 levels left

rFire   . . .        x - +3 longbow of the Median {elec, rN+}
rCold   . . .        (shield currently unavailable)
rNeg    + + .        s - +0 troll leather armour
rPois   inf          e - +1 helmet
rElec   +            b - +0 cloak
rCorr   .            m - +2 pair of gloves
SInv    .            i - +0 pair of boots
Will    ++...        d - amulet of faith
Stlth   +++          t - +4 ring of protection
HPRegen 1.16/turn    f - ring of willpower
MPRegen 0.18/turn

%: faith
@: about to teleport, heroic, flying
A: sickness immunity, AC +11, big wings, negative energy resistance 1,
electricity resistance, torment resistance 1, petrification resistance
a: Renounce Religion, Heroism, Finesse, Duel


You were on level 13 of the Dungeon.
You worshipped Okawaru.
Okawaru was extremely pleased with you.
You visited 3 branches of the dungeon, and saw 20 of its levels.
You also visited: Ossuary and Gauntlet.

You collected 1426 gold pieces.
You spent 408 gold pieces at shops.


Innate Abilities, Weirdness & Mutations

You are immune to sickness and miasma.
Your stone body is resilient. (AC +11)
You are immune to poison.
Your large and strong wings let you fly.
You resist negative energy. (rN+)
You are resistant to electric shocks. (rElec)
You are resistant to unholy torment.
You are immune to petrification.


   Skills:
 - Level 14.0(19.0) Fighting
 + Level 19.6(24.6) Ranged Weapons
 - Level 8.0(13.0) Armour
 - Level 7.7(12.7) Dodging
 - Level 1.0 Spellcasting
 - Level 2.6 Hexes
 - Level 10.0 Invocations


You had 15 spell levels left.
You knew the following spells:

 Your Spells              Type           Power      Damage    Failure   Level
a - Slow                  Hex            28%        N/A       11%         1

Your spell library contained the following spells:

 Spells                   Type           Power      Damage    Failure   Level
 Inner Flame              Hex/Fire       4%         N/A       50%         3
 Portal Projectile        Hex/Tloc       8%         N/A       50%         3
 Cause Fear               Hex            3%         N/A       71%         4

Inventory:

Hand Weapons
 x - the +3 longbow of the Median (weapon) {elec, rN+}
   (Okawaru gifted it to you on level 11 of the Dungeon)

   rN:        It protects you from negative energy.
Armour
 a - a +2 robe of fire resistance
 b - a +0 cloak (worn)
 e - a +1 helmet (worn)
 i - a +0 pair of boots (worn)
 m - a +2 pair of gloves (worn)
 s - a +0 troll leather armour (worn)
Jewellery
 d - an amulet of faith (around neck)
 f - a ring of willpower (right hand)
 k - an amulet of reflection
 l - a ring of ice
 r - a +6 ring of strength
 t - a +4 ring of protection (left hand)
 w - a ring of fire
Scrolls
 h - 4 scrolls of teleportation
 n - 14 scrolls of identify
 u - a scroll of enchant weapon
Potions
 c - 10 potions of curing
 g - 3 potions of haste
 j - 4 potions of enlightenment
 o - 3 potions of magic
 p - 3 potions of might
 q - 3 potions of resistance
 v - a potion of mutation

Dungeon Overview and Level Annotations

Branches:
Dungeon (14/15)            Temple (1/1) D:7            Lair (5/5) D:9
 Shoals (0/4) Lair:3       Spider (0/4) Lair:3        Slime (0/5) Lair:4
    Orc (0/2) D:12         Vaults (0/5) D:13        Ossuary (visited)
Gauntlet (visited)

Altars:
Ashenzari
Cheibriados
Dithmenos
Elyvilon
Fedhas
Gozag
Hepliaklqana
Kikubaaqudgha
Makhleb
Nemelex Xobeh
Okawaru
Qazlal
Ru
Sif Muna
Trog
Uskayaw
Vehumet
Wu Jian
Xom
Yredelemnul
Zin
The Shining One
Jiyva

Shops:
D:3 (   D:6 :![?   D:8 ?

Annotations:
D:5 1 runed translucent door, Crazy Yiuf
D:6 3 runed translucent doors, qw's ghost, novice MiHs
D:7 Joseph
Lair:1 1 runed translucent door, qw's ghost, journeyman MiHs
Lair:2 2 transporters, qw's ghost, journeyman GrHs
Lair:5 3 runed translucent doors, qw's ghost, journeyman GrFi


Message History

Okawaru accepts your kill.
You shoot an arrow. The arrow hits the centaur warrior.
The centaur warrior is lightly wounded.
The skeletal warrior hits you with a +0 battleaxe!
The centaur warrior unwields a +0 shortbow.
The centaur warrior hits you but does no damage.
The centaur warrior kicks you but does no damage.
You shoot an arrow.
The arrow hits the centaur warrior but does no damage.
The centaur warrior is lightly wounded.
The skeletal warrior hits you but does no damage.
The skeletal warrior closely misses you.
The centaur warrior hits you but does no damage.
The centaur warrior barely misses you.
You shoot an arrow.
The arrow barely misses the centaur warrior.
The centaur warrior hits you.
The centaur warrior completely misses you.
You shoot an arrow. The arrow hits the centaur warrior.
The centaur warrior is lightly wounded.
The skeletal warrior hits you but does no damage.
The skeletal warrior hits you with a +0 battleaxe!!
The centaur warrior hits you.
The centaur warrior kicks you but does no damage.
16700 ||| READING 5 scrolls of teleportation.
As you read the scroll of teleportation, it crumbles to dust.
You feel strangely unstable. The centaur warrior barely misses you.
The centaur warrior closely misses you.
The skeletal warrior completely misses you. x2
You shoot an arrow. The arrow hits the centaur warrior!
The centaur warrior is lightly wounded.
The centaur warrior barely misses you.
The centaur warrior kicks you but does no damage.
The skeletal warrior hits you but does no damage.
The skeletal warrior hits you with a +0 battleaxe!
You shoot an arrow. The arrow hits the centaur warrior!
Lightning courses through the centaur warrior!
The centaur warrior is heavily wounded.
The centaur warrior hits you!
You die...

#######.###.#\....#. #.#
............#.....#. #>#
#...#.......#.....# # #.#
###...>###!.#.....# .# #.#
.####...##.##.....#..# #.#
........#...####''#..#++####.####
######...........Cz.............#
# ###.#......)cz.............#
#.#.#####@z#..#######....#
#...##.....#..zC. #.?..#
####..###.....#..+ . #....#
#......##.....#..# #....#
###......##.....#..# ##.###
#........##$....#..# #.#
#.######.########..# #.# #.#
#...####....# #.# #.#
###.........# #.#


You could see 3 skeletal warriors, a centaur warrior and a cyclops.

Vanquished Creatures
  An ironbound preserver (D:13)
  A minotaur (Gauntlet)
  11 hydras
  Harold (D:9)
  A catoblepas (Lair:5)
  4 centaur warriors
  Erica (D:9)
  A two-headed ogre (D:13)
  4 boulder beetles
  A tengu warrior (D:13)
  3 death yaks (Lair:5)
  A satyr (shapeshifter) (D:13)
  Sonja (Lair:4)
  Amaemon (D:8)
  A pharaoh ant (Lair:3)
  A deep troll (D:11)
  A skeletal warrior (D:13)
  Pikel (D:5)
  2 harpies (Lair:3)
  A deep elf pyromancer (D:11)
  A manticore (D:11)
  An oklob plant (Lair:4)
  An ugly thing (D:11)
  4 cyclopes
  9 elephants
  A moth of wrath (Gauntlet)
  8 black mambas
  3 rust devils (D:12)
  An orange demon (D:8)
  13 cane toads
  A smoke demon (D:12)
  2 unseen horrors
  2 gargoyles
  8 komodo dragons
  3 rime drakes
  4 red devils (D:14)
  A tengu conjurer (D:13)
  5 trolls
  14 polar bears
  3 hornets (Lair:4)
  A hellwing (D:12)
  4 dream sheep
  20 blink frogs
  Grinder (D:4)
  5 small abominations (Gauntlet)
  4 raiju (Lair:5)
  5 slime creatures (D:10)
  2 jumping spiders (Lair:3)
  12 spriggans (Lair:4)
  2 vampires
  9 flying skulls (Gauntlet)
  5 shadows
  4 wyverns
  5 wraiths
  53 yaks
  9 vampire mosquitoes
  2 basilisks
  5 steam dragons
  4 wargs (Lair:5)
  Edmund (D:5)
  13 hell hounds (Lair:5)
  An acid dragon (D:12)
  19 water moccasins
  4 orc warriors
  4 ice beasts
  2 sky beasts
  18 black bears
  7 boggarts
  37 wolves
  An ogre (D:4)
  2 lemures (D:5)
  5 centaurs
  2 phantoms (D:5)
  5 kobold brigands
  11 bullfrogs
  2 gnoll sergeants
  A wyvern zombie (D:6)
  3 wights (D:8)
  7 killer bees (D:9)
  An electric eel (D:8)
  3 howler monkeys
  A centaur zombie (D:6)
  10 hounds
  6 orc priests
  3 gnoll boudas
  3 jellies
  4 iguanas
  A sleepcap (D:4)
  12 orc wizards
  3 mummies (Ossuary)
  A killer bee simulacrum (D:8)
  10 adders
  17 gnolls
  6 white imps
  A howler monkey simulacrum (D:8)
  An ufetubus (D:8)
  2 worms
  3 dart slugs
  29 orcs
  8 endoplasms
  8 giant cockroaches
  12 goblins
  14 hobgoblins
  11 jackals
  24 kobolds
  6 quokkas
  9 ball pythons
  7 bats
  A frilled lizard (D:1)
  4 goblin zombies (Ossuary)
  A hobgoblin zombie (Ossuary)
  7 kobold zombies (Ossuary)
  4 rats
654 creatures vanquished.

Notes
Turn   | Place    | Note
-------+----------+-------------------------------------------
     0 | D:1      | qw the Gargoyle Hexslinger began the quest for the Orb.
     0 | D:1      | Reached XP level 1. HP: 12/12 MP: 2/2
     0 | D:1      | 0 ||| qw: Version: 0.3-a-52-g30416fa
     0 | D:1      | 0 ||| qw: Game counter: 5864
     0 | D:1      | 0 ||| qw: Melee chars always use a shield: true
     0 | D:1      | 0 ||| qw: God list: Okawaru
     0 | D:1      | 0 ||| qw: Allow faded altars: false
     0 | D:1      | 0 ||| qw: Do Orc after clearing Dungeon:15 true
     0 | D:1      | 0 ||| qw: Do second Lair branch before Depths: true
     0 | D:1      | 0 ||| qw: Lair rune preference: random
     0 | D:1      | 0 ||| qw: Goals: Normal
     0 | D:1      | 0 ||| PLANNING D:1-11
   153 | D:1      | Reached XP level 2. HP: 15/16 MP: 3/3
   341 | D:1      | Reached skill level 3 in Ranged Weapons
   486 | D:1      | Reached XP level 3. HP: 21/21 MP: 4/4
   688 | D:1      | 688 ||| UPGRADING to +0 ring mail.
   698 | D:1      | 698 ||| DROPPING +0 robe.
   699 | D:1      | 699 ||| UPGRADING to +0 pair of gloves.
   704 | D:1      | 704 ||| READING scroll labelled SANLAC FIS.
   705 | D:1      | 705 ||| READING scroll labelled SAREAMAWKI.
   709 | D:1      | 709 ||| READING scroll labelled SENLUL FEMIUPA.
   710 | D:1      | 710 ||| DRINKING 2 blue potions.
   711 | D:1      | 711 ||| DRINKING 2 golden potions.
   712 | D:1      | 712 ||| DROPPING scroll of poison.
   713 | D:1      | 713 ||| DROPPING potion of attraction.
   933 | D:2      | Reached skill level 1 in Armour
  1204 | D:2      | 1204 ||| UPGRADING to +0 cloak.
  1209 | D:2      | 1209 ||| UPGRADING to +0 pair of boots.
  1214 | D:2      | 1214 ||| UPGRADING to amulet of reflection.
  1219 | D:2      | 1219 ||| READING scroll labelled JOFAPS ETOQU.
  1220 | D:2      | 1220 ||| READING scroll labelled YMILEX FITYSE.
  1221 | D:2      | 1221 ||| READING scroll labelled TIHEDW JEILA.
  1222 | D:2      | 1222 ||| READING scroll labelled LIWUVV EREMPAI.
  1223 | D:2      | 1223 ||| DRINKING 2 purple potions.
  1284 | D:3      | 1284 ||| STAIRDANCE
  1292 | D:2      | HP: 5/21 [orc wizard/magic dart (2)]
  1294 | D:2      | Reached skill level 4 in Ranged Weapons
  1294 | D:2      | Reached XP level 4. HP: 7/26 MP: 5/5
  1382 | D:2      | 1382 ||| UPGRADING to +2 robe of fire resistance.
  1392 | D:2      | 1392 ||| DROPPING +0 ring mail.
  1409 | D:3      | 1409 ||| STAIRDANCE
  1411 | D:2      | 1411 ||| DRINKING potion of curing.
  1411 | D:2      | 1411 ||| (to cure confusion)
  1528 | D:3      | Found Puulu's Antique Weapon Shop.
  1543 | D:3      | 1543 ||| SHOPLISTING glowing shortbow (192 gold, have 117).
  1567 | D:3      | Reached XP level 5. HP: 19/30 MP: 6/6
  2133 | D:3      | 2133 ||| READING scroll labelled MUENAI YZEAPNE.
  2134 | D:3      | 2134 ||| DRINKING 2 cyan potions.
  2143 | D:4      | 2143 ||| PLANNING OSSUARY
  2158 | D:4      | Reached skill level 5 in Ranged Weapons
  2196 | D:4      | Noticed Grinder
  2205 | D:4      | 2205 ||| FLEEEEING.
  2206 | D:4      | 2206 ||| FLEEEEING.
  2213 | D:4      | Paralysed by Grinder for 2 turns
  2225 | D:4      | Killed Grinder
  2226 | D:4      | Reached XP level 6. HP: 31/40 MP: 7/7
  2324 | D:4      | Noticed a black bear
  2339 | D:4      | Killed a black bear
  2340 | D:4      | Reached XP level 7. HP: 40/44 MP: 8/8
  2351 | D:4      | Reached skill level 6 in Ranged Weapons
  2637 | D:4      | Found a sand-covered staircase.
  2638 | D:4      | 2638 ||| READING scroll labelled TEN YRRUQU.
  2638 | D:4      | Identified a scroll of acquirement
  2638 | D:4      | 2638 ||| ACQUIRING +4 arbalest of freezing
  2638 | D:4      | Acquired a +4 arbalest of freezing
  2640 | D:4      | 2640 ||| SWAPPING to +4 arbalest of freezing.
  2641 | D:4      | 2641 ||| DROPPING +1 sling of flaming.
  2642 | D:4      | 2642 ||| DRINKING 2 viscous yellow potions.
  2643 | D:4      | 2643 ||| DRINKING potion of curing.
  2643 | D:4      | 2643 ||| (to cure confusion)
  2644 | D:4      | 2644 ||| DROPPING potion of ambrosia.
  2652 | Ossuary  | Entered an ossuary
  2652 | Ossuary  | Noticed a wraith
  2652 | Ossuary  | Noticed a wraith
  2652 | Ossuary  | Noticed a wraith
  2698 | Ossuary  | Reached skill level 7 in Ranged Weapons
  2755 | Ossuary  | Noticed a wraith
  2761 | Ossuary  | Killed a wraith
  2762 | Ossuary  | Reached XP level 8. HP: 15/48 MP: 9/9
  3103 | Ossuary  | 3103 ||| READING scroll of brand weapon.
  3103 | Ossuary  | 3103 ||| BRANDING +4 arbalest of freezing.
  3122 | Ossuary  | 3122 ||| UPGRADING to ring of resist corrosion.
  3123 | Ossuary  | 3123 ||| READING scroll labelled QAF MOIFRADIPNU.
  3124 | Ossuary  | 3124 ||| DRINKING 2 orange potions.
  3125 | Ossuary  | 3125 ||| READING 5 scrolls of identify.
  3125 | Ossuary  | 3125 ||| IDENTIFYING bubbling grey potion
  3126 | Ossuary  | 3126 ||| READING 4 scrolls of identify.
  3126 | Ossuary  | 3126 ||| IDENTIFYING brown potion
  3127 | Ossuary  | 3127 ||| READING 3 scrolls of identify.
  3127 | Ossuary  | 3127 ||| IDENTIFYING sedimented black potion
  3128 | Ossuary  | 3128 ||| DROPPING potion of berserk rage.
  3129 | Ossuary  | 3129 ||| DROPPING potion of degeneration.
  3160 | D:4      | 3160 ||| PLANNING D:1-11
  3300 | D:4      | Reached skill level 8 in Ranged Weapons
  3534 | D:4      | 3534 ||| UPGRADING to +0 helmet.
  3539 | D:4      | 3539 ||| UPGRADING to +6 ring of strength.
  3574 | D:5      | Entered Level 5 of the Dungeon
  3611 | D:5      | Noticed Pikel
  3628 | D:5      | Killed Pikel
  3629 | D:5      | Reached skill level 9 in Ranged Weapons
  4020 | D:5      | Reached skill level 6 in Fighting
  4020 | D:5      | Reached XP level 9. HP: 55/55 MP: 10/10
  4227 | D:5      | Reached skill level 10 in Ranged Weapons
  4236 | D:5      | Found a runed translucent door.
  4237 | D:5      | Noticed Crazy Yiuf
  4409 | D:5      | Found an ornate altar of the Wu Jian Council.
  4500 | D:5      | Noticed Edmund
  4506 | D:5      | Killed Edmund
  4823 | D:5      | 4823 ||| READING 3 scrolls of identify.
  4823 | D:5      | 4823 ||| IDENTIFYING fizzy red potion
  4925 | D:6      | Reached skill level 3 in Dodging
  4934 | D:6      | Found Fede Sij's Antique Armour Boutique.
  4937 | D:6      | 4937 ||| BUYING fine robe (153 gold).
  4937 | D:6      | Bought a fine robe for 153 gold pieces
  4937 | D:6      | Identified the +0 robe of Sophism {Rampage} (You bought it
                  | in a shop on level 6 of the Dungeon)
  4945 | D:6      | Found Igowuoch's Distillery.
  4953 | D:6      | 4953 ||| BUYING potion of curing (45 gold).
  4953 | D:6      | Bought a potion of curing for 45 gold pieces
  4953 | D:6      | 4953 ||| BUYING potion of curing (45 gold).
  4953 | D:6      | Bought a potion of curing for 45 gold pieces
  4953 | D:6      | 4953 ||| SHOPLISTING potion of curing (45 gold, have 15).
  4953 | D:6      | 4953 ||| SHOPLISTING potion of enlightenment (75 gold, have
                  | 15).
  4953 | D:6      | 4953 ||| SHOPLISTING potion of might (60 gold, have 15).
  4953 | D:6      | 4953 ||| SHOPLISTING potion of mutation (120 gold, have
                  | 15).
  4953 | D:6      | 4953 ||| SHOPLISTING potion of resistance (150 gold, have
                  | 15).
  4962 | D:6      | Found Potobbix's Book Boutique.
  4982 | D:6      | Found a sacrificial altar of Ru.
  5121 | D:6      | Found a burning altar of Makhleb.
  5124 | D:6      | Found a stormy altar of Qazlal.
  5127 | D:6      | Found a shimmering altar of Xom.
  5130 | D:6      | Found an opulent altar of Gozag.
  5221 | D:6      | Found a runed translucent gate.
  5221 | D:6      | Found a runed translucent gate.
  5221 | D:6      | Found a runed translucent gate.
  5221 | D:6      | Noticed qw's ghost (novice MiHs)
  5223 | D:6      | 5223 ||| DROPPING +0 robe of Sophism {Rampage}.
  5224 | D:6      | 5224 ||| UPGRADING to ring of willpower.
  5226 | D:6      | Found a basalt altar of Yredelemnul.
  5264 | D:6      | Found Oteocsuu's Magic Scroll Shoppe.
  5276 | D:6      | 5276 ||| SHOPLISTING scroll of enchant weapon (112 gold,
                  | have 38).
  5276 | D:6      | 5276 ||| BUYING scroll of identify (30 gold).
  5276 | D:6      | Bought a scroll of identify for 30 gold pieces
  5276 | D:6      | 5276 ||| SHOPLISTING scroll of identify (30 gold, have 8).
  5276 | D:6      | 5276 ||| SHOPLISTING scroll of teleportation (45 gold, have
                  | 8).
  5556 | D:6      | 5556 ||| READING 4 scrolls of identify.
  5556 | D:6      | 5556 ||| IDENTIFYING bubbling silvery potion
  5557 | D:6      | 5557 ||| DROPPING potion of lignification.
  5628 | D:7      | Found an ancient bone altar of Kikubaaqudgha.
  5655 | D:7      | Found a staircase to the Ecumenical Temple.
  5656 | D:7      | 5656 ||| PLANNING TEMPLE
  5657 | D:7      | 5657 ||| READING 3 scrolls of identify.
  5657 | D:7      | 5657 ||| IDENTIFYING viscous coppery potion
  5658 | D:7      | 5658 ||| DROPPING potion of magic.
  5667 | Temple   | Entered the Ecumenical Temple
  5753 | Temple   | 5753 ||| PLANNING OKAWARU WORSHIP
  5763 | Temple   | Became a worshipper of Warmaster Okawaru
  5764 | Temple   | 5764 ||| PLANNING D:1-11
  5826 | D:7      | Reached skill level 11 in Ranged Weapons
  5954 | D:7      | Noticed Joseph
  5956 | D:7      | 5956 ||| FLEEEEING.
  5957 | D:7      | 5957 ||| FLEEEEING.
  5962 | D:7      | 5962 ||| FLEEEEING.
  5963 | D:7      | 5963 ||| FLEEEEING.
  5964 | D:7      | 5964 ||| FLEEEEING.
  5965 | D:7      | 5965 ||| FLEEEEING.
  5966 | D:7      | 5966 ||| FLEEEEING.
  5967 | D:7      | 5967 ||| FLEEEEING.
  5969 | D:7      | 5969 ||| FLEEEEING.
  5970 | D:7      | 5970 ||| FLEEEEING.
  5971 | D:7      | 5971 ||| FLEEEEING.
  5972 | D:7      | 5972 ||| FLEEEEING.
  5973 | D:7      | 5973 ||| FLEEEEING.
  5974 | D:7      | 5974 ||| STAIRDANCE
  6062 | D:6      | 6062 ||| UPGRADING to +4 ring of protection.
  6064 | D:6      | 6064 ||| DROPPING ring of resist corrosion.
  6065 | D:6      | 6065 ||| UPGRADING to ring of willpower.
  6067 | D:6      | 6067 ||| READING scroll labelled ECOFRU IREMPEB.
  6207 | D:7      | 6207 ||| Stepping ~*~*~tactically~*~*~ (outnumbered).
  6276 | D:7      | Reached XP level 10. HP: 64/64 MP: 11/11
  6474 | D:7      | Reached * piety under Okawaru
  6529 | D:7      | 6529 ||| DROPPING amulet of the acrobat.
  6552 | D:8      | 6552 ||| STAIRDANCE
  6555 | D:7      | Reached skill level 1 in Invocations
  6621 | D:8      | 6621 ||| INVOKING Heroism.
  6637 | D:8      | 6637 ||| INVOKING Heroism.
  6696 | D:8      | 6696 ||| Stepping ~*~*~tactically~*~*~ (outnumbered).
  6702 | D:8      | Reached skill level 3 in Invocations
  6706 | D:8      | 6706 ||| INVOKING Heroism.
  6743 | D:8      | 6743 ||| INVOKING Heroism.
  6748 | D:8      | Reached skill level 12 in Ranged Weapons
  6763 | D:8      | Found a hazy altar of Hepliaklqana.
  6780 | D:8      | 6780 ||| INVOKING Heroism.
  6784 | D:8      | Reached skill level 3 in Armour
  6896 | D:8      | Found Minaorghi's Magic Scroll Boutique.
  6904 | D:8      | 6904 ||| SHOPLISTING 2 scrolls of enchant weapon (225 gold,
                  | have 161).
  6904 | D:8      | 6904 ||| BUYING scroll of identify (30 gold).
  6904 | D:8      | Bought a scroll of identify for 30 gold pieces
  6904 | D:8      | 6904 ||| BUYING scroll of identify (30 gold).
  6904 | D:8      | Bought a scroll of identify for 30 gold pieces
  6904 | D:8      | 6904 ||| BUYING scroll of identify (30 gold).
  6904 | D:8      | Bought a scroll of identify for 30 gold pieces
  6904 | D:8      | 6904 ||| BUYING scroll of teleportation (45 gold).
  6904 | D:8      | Bought a scroll of teleportation for 45 gold pieces
  6921 | D:8      | Found a hide-covered altar of Uskayaw.
  6933 | D:8      | Noticed Amaemon
  6934 | D:8      | 6934 ||| INVOKING Heroism.
  6936 | D:8      | Noticed an orange demon
  6943 | D:8      | Killed Amaemon
  6950 | D:8      | Killed an orange demon
  6985 | D:8      | 6985 ||| INVOKING Heroism.
  7163 | D:8      | 7163 ||| Stepping ~*~*~tactically~*~*~ (outnumbered).
  7368 | D:8      | 7368 ||| READING 2 scrolls labelled EJETWE UTZETHRO.
  7369 | D:8      | 7369 ||| DROPPING scroll of noise.
  7396 | D:9      | Noticed Erica
  7397 | D:9      | 7397 ||| INVOKING Heroism.
  7403 | D:9      | Killed Erica
  7403 | D:9      | Reached ** piety under Okawaru
  7404 | D:9      | Reached skill level 13 in Ranged Weapons
  7404 | D:9      | Reached XP level 11. HP: 58/68 MP: 12/14
  7456 | D:9      | Noticed Harold
  7457 | D:9      | 7457 ||| INVOKING Heroism.
  7461 | D:9      | Killed Harold
  7462 | D:9      | Reached skill level 9 in Fighting
  7509 | D:9      | 7509 ||| INVOKING Heroism.
  7530 | D:9      | Found a snail-covered altar of Cheibriados.
  7633 | D:9      | Found a broken altar of Ashenzari.
  7693 | D:9      | 7693 ||| INVOKING Heroism.
  7746 | D:9      | Found a flagged portal.
  7820 | D:9      | 7820 ||| DROPPING +0 steam dragon scales.
  7821 | D:9      | 7821 ||| UPGRADING to +0 troll leather armour.
  7831 | D:9      | 7831 ||| READING scroll labelled XABBAR UNOH.
  7913 | D:9      | Found a staircase to the Lair.
  7974 | D:9      | 7974 ||| INVOKING Heroism.
  8013 | D:9      | Found a sparkling altar of Nemelex Xobeh.
  8084 | D:9      | Found a shimmering blue altar of Sif Muna.
  8191 | D:9      | 8191 ||| PLANNING LAIR
  8254 | Lair:1   | Entered Level 1 of the Lair of Beasts
  8314 | Lair:1   | 8314 ||| INVOKING Heroism.
  8327 | Lair:1   | 8327 ||| INVOKING Heroism.
  8353 | Lair:1   | 8353 ||| INVOKING Heroism.
  8416 | Lair:1   | Reached skill level 14 in Ranged Weapons
  8432 | Lair:1   | Reached *** piety under Okawaru
  8539 | Lair:1   | 8539 ||| INVOKING Heroism.
  8573 | Lair:1   | 8573 ||| INVOKING Heroism.
  8582 | Lair:1   | Reached XP level 12. HP: 77/77 MP: 13/15
  8649 | Lair:1   | Reached **** piety under Okawaru
  8673 | Lair:1   | Found a runed translucent door.
  8674 | Lair:1   | Noticed qw's ghost (journeyman MiHs)
  8786 | Lair:1   | 8786 ||| INVOKING Heroism.
  8793 | Lair:1   | HP: 16/77 [cane toad (9)]
  8794 | Lair:1   | 8794 ||| READING 3 scrolls of teleportation.
  8795 | Lair:1   | 8795 ||| DRINKING potion of heal wounds.
  8985 | Lair:1   | You fall into a shaft and drop 1 floor!
  9013 | Lair:2   | Reached skill level 15 in Ranged Weapons
  9038 | Lair:2   | 9038 ||| READING scroll labelled KAWAIV NAETRI.
  9039 | Lair:2   | 9039 ||| READING scroll labelled PUEJUU YRCHUTIH.
  9049 | Lair:1   | 9049 ||| READING scroll of enchant armour.
  9049 | Lair:1   | 9049 ||| ENCHANTING +0 pair of gloves.
  9350 | Lair:2   | Found a bloodstained altar of Trog.
  9350 | Lair:2   | Noticed qw's ghost (journeyman GrHs)
  9356 | Lair:2   | Found a transporter.
  9360 | Lair:2   | Found a transporter.
  9378 | Lair:2   | 9378 ||| INVOKING Heroism.
  9450 | Lair:2   | Reached skill level 6 in Invocations
  9460 | Lair:2   | 9460 ||| INVOKING Heroism.
  9592 | Lair:2   | 9592 ||| INVOKING Heroism.
  9631 | Lair:2   | 9631 ||| INVOKING Heroism.
  9670 | Lair:2   | 9670 ||| INVOKING Heroism.
 10084 | Lair:3   | Identified the +1 great sword "Ogapn" {pain, rPois rF-
                  | Stlth+}
 10088 | Lair:3   | 10088 ||| INVOKING Heroism.
 10208 | Lair:3   | 10208 ||| INVOKING Heroism.
 10305 | Lair:3   | 10305 ||| INVOKING Heroism.
 10406 | Lair:3   | Reached XP level 13. HP: 82/82 MP: 19/19
 10411 | Lair:3   | Reached skill level 9 in Invocations
 10593 | Lair:3   | Reached skill level 16 in Ranged Weapons
 10603 | Lair:3   | 10603 ||| INVOKING Heroism.
 10647 | Lair:3   | Found a hole to the Spider Nest.
 10660 | Lair:3   | Found a staircase to the Shoals.
 10667 | Lair:3   | Reached skill level 6 in Armour
 10668 | Lair:3   | 10668 ||| INVOKING Heroism.
 10922 | Lair:3   | 10922 ||| DROPPING +1 pair of gloves.
 10923 | Lair:3   | 10923 ||| UPGRADING to amulet of faith.
 10933 | Lair:3   | 10933 ||| READING scroll labelled DODOTO KESMI.
 11010 | Lair:4   | Noticed Sonja
 11017 | Lair:4   | 11017 ||| INVOKING Heroism.
 11018 | Lair:4   | Killed Sonja
 11030 | Lair:4   | Reached ***** piety under Okawaru
 11050 | Lair:4   | 11050 ||| INVOKING Heroism.
 11078 | Lair:4   | 11078 ||| INVOKING Finesse.
 11118 | Lair:4   | Found a dark tunnel.
 11138 | Lair:4   | 11138 ||| INVOKING Heroism.
 11179 | Lair:4   | 11179 ||| INVOKING Heroism.
 11339 | Lair:4   | 11339 ||| INVOKING Heroism.
 11340 | Lair:4   | 11340 ||| INVOKING Finesse.
 11437 | Lair:4   | 11437 ||| INVOKING Heroism.
 11507 | Lair:4   | 11507 ||| READING scroll of enchant armour.
 11507 | Lair:4   | 11507 ||| ENCHANTING +1 pair of gloves.
 11546 | Lair:4   | Received a gift from Okawaru
 11547 | Lair:4   | Reached skill level 17 in Ranged Weapons
 11608 | Lair:4   | Identified the +8 shortbow of Bodily Harmony {elec,
                  | *Corrode rPois rC++ Stlth+} (Okawaru gifted it to you on
                  | level 4 of the Lair of Beasts)
 11608 | Lair:4   | Received a gift from Okawaru
 11661 | Lair:4   | 11661 ||| INVOKING Heroism.
 11797 | Lair:4   | Found a staircase to the Slime Pits.
 11798 | Lair:4   | Found a viscous altar of Jiyva.
 12011 | Lair:4   | 12011 ||| INVOKING Heroism.
 12025 | Lair:4   | 12025 ||| INVOKING Heroism.
 12061 | Lair:4   | 12061 ||| INVOKING Heroism.
 12091 | Lair:4   | Gained mutation: Your large and strong wings let you fly.
                  | [Gargoyle growth]
 12091 | Lair:4   | Reached XP level 14. HP: 90/90 MP: 21/21
 12298 | Lair:4   | 12298 ||| READING 10 scrolls of identify.
 12298 | Lair:4   | 12298 ||| IDENTIFYING inky potion
 12299 | Lair:4   | 12299 ||| DROPPING potion of brilliance.
 12330 | Lair:5   | Entered Level 5 of the Lair of Beasts
 12334 | Lair:5   | 12334 ||| STAIRDANCE
 12359 | Lair:5   | Reached skill level 18 in Ranged Weapons
 12363 | Lair:5   | 12363 ||| STAIRDANCE
 12367 | Lair:4   | 12367 ||| INVOKING Heroism.
 12469 | Lair:5   | Reached skill level 12 in Fighting
 12487 | Lair:5   | 12487 ||| INVOKING Heroism.
 12566 | Lair:5   | 12566 ||| INVOKING Heroism.
 12567 | Lair:5   | 12567 ||| INVOKING Finesse.
 12813 | Lair:5   | 12813 ||| INVOKING Heroism.
 12820 | Lair:5   | Reached skill level 6 in Dodging
 12898 | Lair:5   | Noticed qw's ghost (journeyman GrFi)
 12899 | Lair:5   | Found a runed translucent gate.
 12903 | Lair:5   | Found a runed translucent gate.
 12903 | Lair:5   | Found a runed translucent gate.
 12927 | Lair:5   | 12927 ||| INVOKING Heroism.
 13028 | Lair:5   | 13028 ||| INVOKING Heroism.
 13052 | Lair:5   | 13052 ||| INVOKING Heroism.
 13053 | Lair:5   | 13053 ||| INVOKING Finesse.
 13310 | Lair:5   | 13310 ||| INVOKING Heroism.
 13343 | Lair:5   | Received a gift from Okawaru
 13401 | Lair:5   | 13401 ||| INVOKING Heroism.
 13408 | Lair:5   | 13408 ||| Stepping ~*~*~tactically~*~*~ (outnumbered).
 13409 | Lair:5   | Received a gift from Okawaru
 13428 | Lair:5   | 13428 ||| INVOKING Heroism.
 13500 | Lair:5   | 13500 ||| INVOKING Heroism.
 13561 | Lair:5   | 13561 ||| INVOKING Heroism.
 13587 | Lair:5   | 13587 ||| INVOKING Heroism.
 13794 | Lair:5   | 13794 ||| PLANNING D:1-11
 13794 | Lair:5   | 13794 ||| DROPPING +1 hat.
 13795 | Lair:5   | 13795 ||| READING 10 scrolls of identify.
 13795 | Lair:5   | 13795 ||| IDENTIFYING fizzy brown potion
 13945 | D:10     | Entered Level 10 of the Dungeon
 14036 | D:10     | 14036 ||| READING scroll of enchant armour.
 14036 | D:10     | 14036 ||| ENCHANTING +0 helmet.
 14240 | D:10     | 14240 ||| Stepping randomly (disturbance).
 14241 | D:10     | 14241 ||| Stepping randomly (disturbance).
 14299 | D:10     | Found a bloodstained altar of Trog.
 14378 | D:10     | 14378 ||| DROPPING +6 ring of intelligence.
 14403 | D:11     | 14403 ||| PLANNING GAUNTLET
 14428 | D:11     | Reached XP level 15. HP: 100/100 MP: 22/22
 14551 | D:11     | 14551 ||| INVOKING Heroism.
 14617 | D:11     | Identified the +3 longbow of the Median {elec, rN+}
                  | (Okawaru gifted it to you on level 11 of the Dungeon)
 14617 | D:11     | Received a gift from Okawaru
 14619 | D:11     | 14619 ||| SWAPPING to +3 longbow of the Median {elec, rN+}.
 14620 | D:11     | 14620 ||| DROPPING +5 arbalest of draining.
 14694 | D:11     | Found a gate leading to a gauntlet.
 14703 | Gauntlet | Entered a Gauntlet
 14703 | Gauntlet | Found a transporter.
 14715 | Gauntlet | Found a transporter.
 14718 | Gauntlet | Found a transporter.
 14719 | Gauntlet | Found a transporter.
 14725 | Gauntlet | Found a runed translucent gate.
 14725 | Gauntlet | Found a runed translucent gate.
 14725 | Gauntlet | Found a runed translucent gate.
 14727 | Gauntlet | Found a transporter.
 14730 | Gauntlet | Found a transporter.
 14731 | Gauntlet | Found a transporter.
 14740 | Gauntlet | Found a transporter.
 14743 | Gauntlet | Found a transporter.
 14744 | Gauntlet | Found a transporter.
 14748 | Gauntlet | Found a runed translucent door.
 14752 | Gauntlet | Found a transporter.
 14755 | Gauntlet | Found a runed translucent door.
 14756 | Gauntlet | Found a transporter.
 14757 | Gauntlet | Found a transporter.
 14774 | Gauntlet | Found a transporter.
 14892 | Gauntlet | 14892 ||| DROPPING +0 cloak of stealth.
 14910 | Gauntlet | 14910 ||| INVOKING Heroism.
 14923 | Gauntlet | HP: 23/100 [wolf (12)]
 14924 | Gauntlet | 14924 ||| DRINKING potion of heal wounds.
 15083 | Gauntlet | Identified the +6 plate armour of a Gauntlet {rN+ Str-5
                  | Stlth+}
 15084 | Gauntlet | 15084 ||| INVOKING Heroism.
 15111 | Gauntlet | Identified the +4 plate armour of Diodwenga {rElec Regen+
                  | Str-3}
 15111 | Gauntlet | Identified the staff "Taibil" {rF+ rN+ Necro}
 15139 | D:11     | 15139 ||| PLANNING D:1-11
 15238 | D:11     | 15238 ||| PLANNING D
 15320 | D:12     | You are sucked into a shaft and drop 2 floors!
 15380 | D:14     | Identified the +1 chain mail of the Desert {Str+5} (Okawaru
                  | gifted it to you on level 14 of the Dungeon)
 15380 | D:14     | Received a gift from Okawaru
 15387 | D:14     | 15387 ||| INVOKING Heroism.
 15420 | D:14     | 15420 ||| INVOKING Heroism.
 15747 | D:12     | Reached skill level 19 in Ranged Weapons
 15817 | D:12     | Found a staircase to the Orcish Mines.
 16190 | D:12     | 16190 ||| Stepping ~*~*~tactically~*~*~ (outnumbered).
 16479 | D:13     | 16479 ||| Stepping randomly (disturbance).
 16502 | D:13     | Found a gate to the Vaults.
 16504 | D:13     | 16504 ||| INVOKING Heroism.
 16521 | D:13     | HP: 21/100 [sea snake (shapeshifter) (15)]
 16522 | D:13     | 16522 ||| READING 6 scrolls of teleportation.
 16522 | D:13     | HP: 10/100 [skeletal warrior/+0 battleaxe (3)]
 16523 | D:13     | HP: 4/100 [skeletal warrior/+0 glaive (5)]
 16688 | D:13     | 16688 ||| INVOKING Heroism.
 16690 | D:13     | 16690 ||| Stepping ~*~*~tactically~*~*~ (outnumbered).
 16699 | D:13     | HP: 25/100 [skeletal warrior/+0 battleaxe (18)]
 16700 | D:13     | 16700 ||| READING 5 scrolls of teleportation.
 16701 | D:13     | HP: 10/100 [skeletal warrior/+0 battleaxe (12)]
 16702 | D:13     | Slain by a centaur warrior

Levels and vault maps discovered:
D:1:      spicycebolla_arrival_clurvy, layout_basic
D:2:      minmay_chambers_of_twos, layout_basic, minmay_tiny_reverse_x
D:3:      layout_loops_ring, serial_shops, shop
D:4:      minmay_chambers_of_threes, layout_loops_ring,
          chequers_ossuary_entry_cave, palyth_stone_intersect, uniq_grinder
D:5:      minmay_recursive_quarters, layout_basic,
          nicolae_overflow_crystal_walls, serial_curves, eino_curves_03,
          eino_curves_04, eino_curves_03, uniq_pikel, uniq_crazy_yiuf_cottage,
          uniq_edmund
D:6:      layout_gridville, mainiacjoe_overflow_alcove_1,
          nicolae_yredelemnul_ghost_church, grunt_temple_overflow_cloverleaf,
          serial_shops, shop, nicolae_shop_crystal,
          nicolae_shop_real_fake_doors, kennysheep_mini
D:7:      layout_gridville, general_overflow_altar,
          minmay_temple_entry_water_ring, uniq_joseph
D:8:      layout_loops_ring, kennysheep_little_box,
          mainiacjoe_overflow_tiny_flanked, serial_ice, serial_ice_e,
          serial_ice_j, serial_ice_c, serial_ice_f, serial_shops, shop_scrolls,
          uniq_amaemon
D:9:      layout_roguey, marbit_many_paths, overflow_temple_1_default,
          lemuel_doored_altar, nicolae_ashenzari_panopticon, lair_entry_dummy,
          enter_bailey_3, uniq_erica, uniq_harold
D:10:     layout_rooms, lightli_temple_of_fire
D:11:     layout_cross, gauntlet_entry_generic, dk_noncrumbling_3,
          minmay_evil_grid
D:12:     layout_basic, david_orc_3, nicolae_where_there's_smoke
D:13:     layout_rooms, skrybe_vaults_entry_preservation
D:14:     layout_basic, nicolae_tso_swordbearing_angel,
          einodemon_armed_red_devil_minivault
Temple:   hellmonk_temple_beads
Lair:1:   layout_cave_pods, ebering_ghost_reflecting_pool
Lair:2:   layout_gridlike, gammafunk_ghost_wrathful_warriors,
          lemuel_another_geyser
Lair:3:   layout_chaotic_city, nicolae_shoals_entry_roost,
          nicolae_spider_entry_lesser_pyramids, minmay_hedge_maze,
          kilobyte_rumbling_trees
Lair:4:   kb_forest_paths, layout_small_grid, slime_entry_1, enter_volcano_2,
          uniq_sonja
Lair:5:   hangedman_lair_caniforms_friends, layout_cellular_growth,
          gammafunk_ghost_split, grunt_megastairs_1, lemuel_fruit_fields

Skill      XL: |  1  2  3  4  5  6  7  8  9 10 11 12 13 14 15 |
---------------+----------------------------------------------+-----
Ranged Weapons | 3 4 5 7 9 11 13 14 15 17 18 19 | 19.6
Fighting       | 2 4 6 8 10 11 13 14 | 14.0
Armour         | 1 2 3 5 6 8 |  8.0
Dodging        | 2 3 4 5 7 |  7.7
Invocations    | 4 8 10 | 10.0
Spellcasting   | |  1.0
Hexes          | |  2.6

Action                     |  1- 3 |  4- 6 |  7- 9 | 10-12 | 13-15 || total
---------------------------+-------+-------+-------+-------+-------++-------
   Fire: Sling             |   149 |   151 |    70 |       |       ||   370
         Arbalest          |       |       |   256 |   542 |   748 ||  1546
         Longbow           |       |       |       |       |   366 ||   366
 Invoke: Heroism           |       |       |       |    26 |    32 ||    58
         Finesse           |       |       |       |       |     4 ||     4
    Use: Scroll            |     7 |     1 |    10 |     6 |     7 ||    31
         Potion            |     3 |     2 |     3 |     1 |     1 ||    10
 Armour: Robe              |    10 |    42 |    77 |    60 |       ||   189
         Ring mail         |    24 |     2 |       |       |       ||    26
         Troll leather arm |       |       |       |   115 |   467 ||   582
  Dodge: Dodged            |    60 |    18 |    95 |   252 |   710 ||  1135
  Block: Other             |     5 |    12 |    43 |    83 |     6 ||   149
         Reflection        |       |       |     1 |     1 |       ||     2

Table legend:
 A = Non-vault XP
 B = Vault XP
 C = Vault XP percentage of total XP
 D = Non-vault monster count
 E = Vault monster count
 F = Vault count percentage of total count
                 A         B        C        D         E       F
            +---------+---------+-------+---------+---------+-------
      Total |   71378 |   46646 |  39.5 |     427 |     225 |  34.5
            +---------+---------+-------+---------+---------+-------
        D:1 |      43 |       0 |   0.0 |      23 |       0 |   0.0
        D:2 |      93 |      17 |  15.5 |      14 |      10 |  41.7
        D:3 |      67 |       0 |   0.0 |      17 |       0 |   0.0
        D:4 |     399 |     442 |  52.6 |      31 |      13 |  29.5
        D:5 |     507 |    1223 |  70.7 |      12 |      11 |  47.8
        D:6 |     813 |     130 |  13.8 |      18 |       2 |  10.0
        D:7 |    1673 |       0 |   0.0 |      31 |       0 |   0.0
        D:8 |    1571 |    1910 |  54.9 |      27 |      11 |  28.9
        D:9 |    2296 |    1764 |  43.4 |      39 |       7 |  15.2
       D:10 |    2695 |       0 |   0.0 |      14 |       0 |   0.0
       D:11 |    1463 |    5672 |  79.5 |       8 |       9 |  52.9
       D:12 |    5639 |    2262 |  28.6 |      21 |      12 |  36.4
       D:13 |    6093 |    3214 |  34.5 |      10 |       4 |  28.6
       D:14 |     848 |    1336 |  61.2 |       1 |       4 |  80.0
     Lair:1 |    8240 |       0 |   0.0 |      35 |       0 |   0.0
     Lair:2 |    5933 |       0 |   0.0 |      27 |       0 |   0.0
     Lair:3 |    4488 |    3833 |  46.1 |      20 |      12 |  37.5
     Lair:4 |   14123 |    6841 |  32.6 |      43 |      27 |  38.6
     Lair:5 |   14394 |   12030 |  45.5 |      36 |      62 |  63.3
    Ossuary |       0 |     280 | 100.0 |       0 |      16 | 100.0
   Gauntlet |       0 |    5692 | 100.0 |       0 |      25 | 100.0
            +---------+---------+-------+---------+---------+-------
